 Dungeon Crawl Stone Soup version 0.27.1 (webtiles) character file.

Game seed: 6821454196271104204

12614 Malachi the Severer (level 11, -9/142 HPs)
             Began as a Minotaur Berserker on Aug 31, 2021.
             Was a High Priest of Trog.
             Killed from afar by an acid dragon (15 damage)
             ... with a splash of acid
             ... on level 12 of the Dungeon.
             The game lasted 00:14:11 (9552 turns).

Malachi the Severer (Minotaur Berserker)            Turns: 9552, Time: 00:14:11

Health: -9/142     AC: 29    Str: 25    XL:     11   Next: 64%
Magic:  10/10      EV:  6    Int:  4    God:    Trog [*****.]
Gold:   367        SH:  5    Dex: 13    Spells: 10/10 levels left

rFire    + . .     SeeInvis +   R - +3 broad axe (flame)
rCold    + . .     Faith    .   w - +0 buckler "Earthly Heaven" {Rampage rElec Dex+3 SInv}
rNeg     + . .     Spirit   .   o - +9 scales of the Dragon King {rPois rF+ rC+ Will+}
rPois    +         Reflect  .   y - +0 hat
rElec    +         Harm     .   (no cloak)
rCorr    .         Rampage  +   s - +2 pair of gloves
Will     +....                  (no boots)
Stlth    ..........             v - amulet of regeneration
HPRegen  1.33/turn              n - ring of flight
MPRegen  0.12/turn              C - ring of positive energy

@: berserking, lethally poisoned (-9 -> -9), flying, very quick
A: horns 2, retaliatory headbutt
a: Renounce Religion, Berserk, Trog's Hand, Brothers in Arms


You were on level 12 of the Dungeon.
You worshipped Trog.
Trog was extremely pleased with you.
You visited 1 branch of the dungeon, and saw 12 of its levels.
You visited 1 bazaar.
You also visited: Sewer.

You collected 1034 gold pieces.
You spent 667 gold pieces at shops.

Inventory:

Hand Weapons
 l - the +11 long sword of Circularity {holy, rPois rN+ Str+4}
   (You bought it in a shop in a bazaar)

   It has been blessed by the Shining One to cause great damage to the undead
   and demons.
   Str:       It affects your strength (+4).
   rPois:     It protects you from poison.
   rN:        It protects you from negative energy.
 Q - the +6 battleaxe "Arbiter" {vorpal, Str+3 Int+4}
   (You found it on level 9 of the Dungeon)

   It inflicts extra damage upon your enemies.
   Str:       It affects your strength (+3).
   Int:       It affects your intelligence (+4).
 R - a +3 broad axe of flaming (weapon)
 S - a +3 executioner's axe
Missiles
 x - 3 throwing nets (quivered)
 I - 7 silver boomerangs
Armour
 o - the +9 scales of the Dragon King (worn) {rPois rF+ rC+ Will+}
   (You found it on level 6 of the Dungeon)

   rF:        It protects you from fire.
   rC:        It protects you from cold.
   rPois:     It protects you from poison.
   Will:      It increases your willpower.
 q - a +0 tower shield
 s - a +2 pair of gloves (worn)
 w - the +0 buckler "Earthly Heaven" (worn) {Rampage rElec Dex+3 SInv}
   (You acquired it on level 6 of the Dungeon)

   Dex:       It affects your dexterity (+3).
   rElec:     It insulates you from electricity.
   SInv:      It lets you see invisible.
   Rampage:   It bestows one free step when moving towards enemies.
 y - a +0 hat (worn)
 A - the +5 ring mail of the Sturgeon {Rampage Will+ Str+8}
   (You found it on level 6 of the Dungeon)

   Str:       It affects your strength (+8).
   Rampage:   It bestows one free step when moving towards enemies.
   Will:      It increases your willpower.
Jewellery
 h - a ring of fire
 n - a ring of flight (left hand)
 v - an amulet of regeneration (around neck)
 C - a ring of positive energy (right hand)
 N - an amulet of magic regeneration
Wands
 b - a wand of iceblast (33)
 F - a wand of polymorph (6)
 K - a wand of flame (51)
 P - a wand of mindburst (27)
Scrolls
 d - 6 scrolls of teleportation
 f - a scroll of fear
 g - a scroll of enchant armour
 j - a scroll of torment
 t - 2 scrolls of immolation
 E - a scroll of fog
 G - a scroll of amnesia
 J - 2 scrolls of magic mapping
 M - a scroll of vulnerability {unknown}
Potions
 a - a potion of invisibility
 c - 2 potions of ambrosia
 i - a potion of cancellation {unknown}
 k - a potion of berserk rage
 m - 8 potions of curing
 p - 3 potions of heal wounds
 r - a potion of resistance {unknown}
 u - 2 potions of magic {unknown}
 z - 2 potions of lignification
 B - 3 potions of attraction
 D - a potion of brilliance {unknown}
 H - a potion of flight {unknown}
 L - 2 potions of haste
 O - a potion of degeneration {unknown}
Miscellaneous
 e - a phantom mirror


   Skills:
 + Level 8.3 Fighting
 * Level 15.3 Axes
 * Level 10.0 Armour
 + Level 3.1 Dodging
 * Level 7.0 Shields
 * Level 5.1 Evocations


You had 10 spell levels left.
You didn't know any spells.
Your spell library was empty.

Dungeon Overview and Level Annotations

Branches:
Dungeon (12/15)            Temple (0/1) D:5            Lair (0/6) D:11
    Orc (0/2) D:11          Sewer (visited)

Altars:
Ashenzari
Dithmenos
Uskayaw
Yredelemnul
The Shining One
Beogh

Shops:
D:6 !   D:9 !   D:10 *

Annotations:
D:12 Nessos


Innate Abilities, Weirdness & Mutations

You have a pair of horns on your head.
You reflexively headbutt those who attack you in melee.


Message History

You are too injured to fight recklessly!
Unknown command.
You are too berserk!
You are too injured to fight recklessly!
You slash the very large slime creature!
You burn the very large slime creature.
The very large slime creature is lightly wounded.
You barely miss the slime creature. You slash the large slime creature!
You burn the large slime creature. You slash Nessos! You burn Nessos.
You feel sick. Nessos barely misses you. You block Nessos's attack.
The slime creature hits you but does no damage.
The very large slime creature closely misses you.
You furiously retaliate!
You headbutt the very large slime creature!
You slash Nessos! You burn Nessos. You headbutt Nessos!
Nessos is severely wounded.
You barely miss the large slime creature.
You slice the slime creature!! You burn the slime creature.
You barely miss the very large slime creature.
You feel sick. Nessos says, "Study your classics!"
Nessos hits you but does no damage. Nessos kicks you but does no damage.
Two slime creatures merge to form a large slime creature.
The large slime creature hits you!
* * * LOW HITPOINT WARNING * * *
Two slime creatures merge to form an enormous slime creature.
You feel sick.
Nessos wields a +1 longbow of flaming.
It bursts into flame!
Nessos shoots an arrow.
The arrow hits you.
* * * LOW HITPOINT WARNING * * *
The arrow burns you.
* * * LOW HITPOINT WARNING * * *
Nessos shoots an arrow.
The arrow hits you!
* * * LOW HITPOINT WARNING * * *
The arrow burns you.
* * * LOW HITPOINT WARNING * * *
You feel a strong urge to attack something.
You feel sick.
Nessos shoots an arrow.
You block the arrow. The acid dragon spits acid at you.
The splash of acid hits you!
You die...

..... .##..... ...... ..#.....
....=. ......# #.....##..D.#
#.......J..## ##....JJc...####.
............#.... #..#...J......#
.###.#..@....# ...####......#
.....###.....# ..........#..##
........###...##
...###...##....##..
#............#...
#....#.............###
................#..[..........#.#


You could see Nessos (fast), an enormous slime creature, 2 large slime
creatures, a slime creature and an acid dragon (catching breath).

Vanquished Creatures
  Erolcha (D:11)
  A boulder beetle (D:6)
  2 two-headed ogres
  A cyclops (D:12)
  Psyche (D:11)
  A troll (D:9)
  6 slime creatures (D:12)
  A shadow (D:11)
  2 wraiths (D:10)
  15 yaks
  A basilisk (D:9)
  A vampire (D:11)
  3 wargs (D:11)
  3 water moccasins
  3 orc warriors
  An ice beast (D:5)
  A necrophage (D:6)
  A black bear (D:4)
  2 sky beasts
  3 ogres
  9 centaurs
  5 kobold brigands
  2 scorpions
  4 bullfrogs
  A gnoll sergeant (D:10)
  A wyvern skeleton (D:6)
  7 howler monkeys
  9 wights
  2 centaur zombies (D:7)
  4 hounds
  5 orc priests
  2 bullfrog zombies
  A centaur skeleton (D:7)
  2 gnoll shamans (D:5)
  A scorpion zombie (D:5)
  Terence (D:2)
  A bullfrog skeleton (D:4)
  2 iguanas
  6 orc wizards
  A hound zombie (D:5)
  17 gnolls
  A howler monkey skeleton (D:6)
  13 adders
  A white imp (D:5)
  A worm (D:3)
  2 dart slugs
  40 orcs
  12 ball pythons
  6 endoplasms
  9 giant cockroaches
  13 goblins
  9 hobgoblins
  7 jackals
  5 quokkas
  5 bats
  8 frilled lizards
  20 kobolds
  14 rats
299 creatures vanquished.

Vanquished Creatures (others)
  8 plants (D:5)
8 creatures vanquished.

Grand Total: 307 creatures vanquished

Notes
Turn   | Place    | Note
-------+----------+-------------------------------------------
     0 | D:1      | Malachi the Minotaur Berserker began the quest for the Orb.
     0 | D:1      | Reached XP level 1. HP: 19/19 MP: 0/0
   210 | D:1      | Reached XP level 2. HP: 27/27 MP: 1/1
   275 | D:1      | Reached skill level 4 in Axes
   882 | D:1      | Reached XP level 3. HP: 32/33 MP: 2/2
  1136 | D:2      | Reached ** piety under Trog
  1243 | D:2      | Noticed Terence
  1256 | D:2      | Killed Terence
  1257 | D:2      | Reached XP level 4. HP: 28/41 MP: 3/3
  1555 | D:2      | Found a shadowy altar of Dithmenos.
  1711 | D:2      | Reached skill level 5 in Axes
  2254 | D:3      | Noticed an orc warrior
  2267 | D:3      | Killed an orc warrior
  2268 | D:3      | Reached skill level 5 in Fighting
  2268 | D:3      | Reached XP level 5. HP: 31/48 MP: 4/4
  2526 | D:3      | Reached skill level 6 in Axes
  2708 | D:3      | Reached *** piety under Trog
  3021 | D:3      | Reached XP level 6. HP: 53/56 MP: 5/5
  3168 | D:3      | Reached skill level 1 in Shields
  3382 | D:4      | Found a glowing drain.
  3396 | Sewer    | Entered a sewer
  3458 | Sewer    | Reached skill level 7 in Axes
  3458 | Sewer    | Reached XP level 7. HP: 61/61 MP: 6/6
  3516 | Sewer    | Reached **** piety under Trog
  4190 | D:4      | Found a hide-covered altar of Uskayaw.
  4198 | D:4      | Reached skill level 8 in Axes
  4198 | D:4      | Reached skill level 5 in Armour
  4198 | D:4      | Reached skill level 1 in Evocations
  4541 | D:5      | Entered Level 5 of the Dungeon
  4589 | D:5      | Found a staircase to the Ecumenical Temple.
  4651 | D:5      | Reached XP level 8. HP: 69/70 MP: 7/7
  4761 | D:5      | Reached skill level 9 in Axes
  4808 | D:5      | Found a basalt altar of Yredelemnul.
  4943 | D:5      | Identified the +2 leather armour of Bedevilment {Stlth+}
  5170 | D:6      | Reached ***** piety under Trog
  5180 | D:6      | Reached skill level 10 in Axes
  5305 | D:6      | Identified the +5 ring mail of the Sturgeon {Rampage Will+
                  | Str+8}
  5327 | D:6      | Found the +9 scales of the Dragon King {rPois rF+ rC+
                  | Will+}
  5421 | D:6      | Found Kuesch's Distillery.
  5436 | D:6      | Noticed a boulder beetle
  5453 | D:6      | Killed a boulder beetle
  5454 | D:6      | Reached skill level 11 in Axes
  5454 | D:6      | Reached XP level 9. HP: 72/78 MP: 8/8
  5520 | D:6      | Identified a scroll of acquirement
  5546 | D:6      | Acquired the +0 buckler "Earthly Heaven" {Rampage rElec
                  | Dex+3 SInv}
  6719 | D:8      | Found a glowing golden altar of the Shining One.
  7012 | D:8      | Reached skill level 12 in Axes
  7061 | D:8      | Reached skill level 5 in Shields
  7427 | D:9      | Found a broken altar of Ashenzari.
  7547 | D:9      | Reached XP level 10. HP: 83/84 MP: 9/9
  7695 | D:9      | Identified the +6 battleaxe "Arbiter" {vorpal, Str+3 Int+4}
  7742 | D:9      | Found Afaivvoc's Distillery.
  7745 | D:9      | Bought a potion of heal wounds for 75 gold pieces
  7745 | D:9      | Bought a potion of haste for 150 gold pieces
  7745 | D:9      | Bought a potion of curing for 45 gold pieces
  8103 | D:10     | Entered Level 10 of the Dungeon
  8172 | D:10     | Noticed a two-headed ogre
  8181 | D:10     | Killed a two-headed ogre
  8189 | D:10     | Received a gift from Trog
  8370 | D:10     | Reached skill level 13 in Axes
  8438 | D:10     | Found Wuutt's General Store.
  8624 | D:11     | Found a flickering gateway to a bazaar.
  8641 | Bazaar   | Entered a bazaar
  8641 | Bazaar   | Found Douhe's Assorted Antiques.
  8641 | Bazaar   | Found Diufoqeg's Assorted Antiques.
  8641 | Bazaar   | Found Lyelimuv's Distillery.
  8643 | Bazaar   | Found Kuogybah's Antique Weapon Boutique.
  8699 | Bazaar   | Bought a potion of lignification for 30 gold pieces
  8699 | Bazaar   | Bought a potion of attraction for 30 gold pieces
  8699 | Bazaar   | Bought a potion of invisibility for 80 gold pieces
  8699 | Bazaar   | Bought a potion of berserk rage for 50 gold pieces
  8705 | Bazaar   | Bought a brightly glowing long sword for 153 gold pieces
  8705 | Bazaar   | Identified the +11 long sword of Circularity {holy, rPois
                  | rN+ Str+4} (You bought it in a shop in a bazaar)
  8721 | Bazaar   | Bought a scroll of identify for 54 gold pieces
  8815 | D:11     | Found a staircase to the Lair.
  8862 | D:11     | Reached skill level 14 in Axes
  8862 | D:11     | Reached XP level 11. HP: 76/93 MP: 10/10
  8881 | D:11     | Noticed Erolcha
  8887 | D:11     | Killed Erolcha
  8958 | D:11     | Noticed Psyche
  8964 | D:11     | Killed Psyche
  9106 | D:11     | Found a staircase to the Orcish Mines.
  9141 | D:11     | Received a gift from Trog
  9449 | D:12     | Reached skill level 15 in Axes
  9503 | D:12     | Noticed a two-headed ogre
  9509 | D:12     | Reached skill level 5 in Evocations
  9511 | D:12     | Killed a two-headed ogre
  9540 | D:12     | Noticed Nessos
  9544 | D:12     | Reached skill level 10 in Armour
  9551 | D:12     | HP: 7/142 [Nessos/arrow (8)]
  9552 | D:12     | Killed from afar by an acid dragon

Illustrated notes

Levels and vault maps discovered:
D:1:      saegor_arrival_simple_d, layout_basic
D:2:      minmay_inner_zag, layout_loops_ring, basic_altar, uniq_terence
D:3:      layout_loops_ring
D:4:      layout_basic, nicolae_uskayaw_dance_hall, portal_sewer_entry_e
D:5:      layout_rooms, mainiacjoe_overflow_chevrons,
          minmay_temple_entry_overgrown
D:6:      layout_cave_pools, serial_shops,
          nicolae_shop_competitors_out_of_business
D:7:      layout_cave_pods
D:8:      layout_loops_corners, tso_metal_star
D:9:      layout_basic, kennysheep_little_box, serial_shops,
          kennysheep_mini_moat
D:10:     layout_cave_pools, serial_shops, nicolae_shop_stone
D:11:     layout_roguey, erik_lair_orcish_takeover, david_orc_5, serial_shops,
          bzr_entry_customers, uniq_erolcha, uniq_psyche
D:12:     layout_cave_pools, uniq_nergalle, uniq_nessos

Skill      XL: |  1  2  3  4  5  6  7  8  9 10 11 |
---------------+----------------------------------+-----
Axes           | 4 5 6 7 8 11 12 14 15 | 15.3
Fighting       | 4 5 6 7 8 |  8.3
Armour         | 4 5 7 8 9 10 | 10.0
Shields        | 2 3 4 5 6 7 |  7.0
Evocations     | 1 2 3 4 5 |  5.1
Dodging        | 3 |  3.1

Action                   |  1- 3 |  4- 6 |  7- 9 | 10-12 || total
-------------------------+-------+-------+-------+-------++-------
Melee: Hand axe          |    62 |   156 |   346 |    61 ||   625
       Headbutt          |     9 |    29 |    73 |    55 ||   166
       Broad axe         |       |       |       |   163 ||   163
Invok: Berserk           |       |     2 |     7 |     4 ||    13
       Trog's Hand       |       |       |       |     1 ||     1
  Use: Scroll            |       |     5 |     6 |     3 ||    14
 Stab: Distracted        |     1 |       |       |       ||     1
Armor: Animal skin       |     6 |       |       |       ||     6
       Chain mail        |    13 |    76 |    77 |       ||   166
       Gold dragon scale |       |       |   100 |   169 ||   269
Dodge: Dodged            |    41 |    64 |    95 |    72 ||   272
Block: Buckler           |       |       |    22 |    44 ||    66
